AoeStats
← mats931

Arabia

506478304Analyzed
2v2 RM · 17d ago on Sep 13, 2026· 60m 55s· 4 players
Game mode
Random Map
Map size
Medium (4 player)
Population
200
Speed
Normal
Resources
Standard
Victory
Conquest
Starting age
Dark Age
Ending age
Imperial Age
RankedLock teamsTeams togetherTeam positionsShared explorationLock speedFull tech treeHidden civsTurbo modeCheats
Victory
Defeat
🇩🇪 Saracens · Germany
914
+17
🇩🇪 Teutons · Germany
913
+17
🇦🇷 Mongols · Argentina
969
-19
🇦🇷 Vietnamese · Argentina
891
-15
mats931
0:26 Loom
11:33 Feudal Age
15:13 Bloodlines
15:56 Wheelbarrow
16:04 Double-Bit Axe
16:32 Horse Collar
21:49 Castle Age
22:23 Padded Archer Armor
22:55 Hand Cart
24:14 Bow Saw
24:07 Heavy Plow
25:10 Crossbowman
25:50 Fletching
27:39 Town Watch
27:49 Gold Mining
27:49 Stone Mining
29:10 Husbandry
35:48 Gold Shaft Mining
36:01 Elite Skirmisher
37:20 Town Patrol
37:34 Scale Barding Armor
39:55 Forging
40:10 Light Cavalry
44:26 Chain Barding Armor
44:41 Iron Casting
46:53 Imperial Age
47:08 Thumb Ring
47:16 Heavy Camel Rider
49:03 Two-Man Saw
48:49 Caravan
50:04 Plate Barding Armor
52:09 Coinage
53:26 Blast Furnace
52:21 Bodkin Arrow
52:23 Hussar
53:29 Conscription
55:12 Arbalester
55:56 Bracer
58:42 Leather Archer Armor
58:28 Scale Mail Armor
59:16 Banking
Schokoladeneis
0:26 Loom
11:30 Feudal Age
13:33 Wheelbarrow
17:20 Castle Age
21:06 Forging
25:08 Scale Barding Armor
30:07 Double-Bit Axe
30:19 Gold Mining
30:52 Horse Collar
31:14 Stone Mining
36:19 Hand Cart
38:50 Bow Saw
46:57 Heavy Plow
51:30 Imperial Age
51:54 Iron Casting
51:46 Ballistics
51:51 Caravan
52:22 Chain Barding Armor
52:04 Scale Mail Armor
52:18 Siege Engineers
52:38 Conscription
51:41 Cavalier
53:10 Stone Shaft Mining
52:28 Capped Ram
52:31 Heavy Scorpion
55:40 Plate Barding Armor
55:25 Chain Mail Armor
56:15 Elite Teutonic Knight
61:08 Chemistry
61:11 Blast Furnace
60:44 Plate Mail Armor
61:05 Ironclad
joaaco182
6:32 Loom
9:19 Feudal Age
20:23 Castle Age
18:58 Wheelbarrow
20:33 Forging
20:26 Scale Mail Armor
21:28 Pikeman
23:22 Iron Casting
25:37 Gold Mining
27:58 Chain Mail Armor
30:02 Fletching
31:20 Bodkin Arrow
32:03 Padded Archer Armor
38:03 Scale Barding Armor
45:42 Imperial Age
46:41 Leather Archer Armor
46:30 Bracer
47:32 Blast Furnace
48:12 Plate Mail Armor
53:07 Bracer
54:18 Elite Mangudai
60:09 Elite Skirmisher
nkz ; banhoul
7:26 Loom
10:20 Feudal Age
10:48 Double-Bit Axe
15:33 Horse Collar
19:52 Fletching
20:03 Padded Archer Armor
20:14 Gold Mining
24:06 Castle Age
22:28 Forging
24:45 Crossbowman
25:45 Thumb Ring
26:10 Bow Saw
29:51 Wheelbarrow
29:46 Squires
40:15 Imperial Age
37:42 Stone Mining
37:57 Heavy Plow
38:19 Ballistics
40:34 Arbalester
43:19 Elite Fire Lancer
44:54 Bodkin Arrow
45:14 Leather Archer Armor
45:37 Iron Casting
45:03 Scale Mail Armor
46:08 Two-Man Saw
46:42 Elite Fire Lancer
51:39 Chain Mail Armor
51:25 Bracer
57:46 Elite Skirmisher
Connection lost

Rejoining the realm…

Still unreachable

The connection could not be restored.

Session expired

The server has moved on; the page needs a fresh start.